[Event "Titled Tuesday Blitz June 13 Late 2023"]
[White "deloewre"]
[Black "Fajdetic, Hrvoje"]
[BlackFideId "14501945"]
[WhiteElo "2133"]
[BlackElo "2185"]
[Result "0-1"]
[Round "5"]
[TimeControl "180+2"]
[Date "2023.06.13"]
[WhiteClock "0:00:00"]
[BlackClock "0:00:03"]
[Board "153"]

1. c4 d6 2. d4 Nd7 3. Nf3 e5 4. Nc3 c6 5. g3 Ngf6 6. Bg2 e4 7. Ng5 d5 8. cxd5 cxd5 9. O-O h6 10. Nh3 g5 11. f3 Nb6 12. Nf2 exf3 13. exf3 Bg7 14. Re1+ Be6 15. Bh3 Qd7 16. Bxe6 fxe6 17. Qe2 Kf7 18. Nd3 Ne8 19. Ne5+ Bxe5 20. Qxe5 Ng7 21. f4 g4 22. f5 Nxf5 23. Bf4 Nc4 24. Qe2 h5 25. Be5 Rh6 26. Rf1 Rg8 27. Rae1 h4 28. Bf4 hxg3 29. Bxh6 gxh2+ 30. Kh1 Kg6 31. Bf4 Nce3 32. Rf2 g3 33. Bxe3 gxf2 34. Bxf2 Kf7 35. Qf3 Rg5 36. Rf1 Rg6 37. Be1 b5 38. a3 a5 39. Ne2 Ke8 40. Nf4 Rf6 0-1


[Site "https://www.chess.com"]

[Event "Titled Tuesday Blitz June 13 Late 2023"]
[White "Ochkoos, Jura"]
[Black "Hartikainen, Jarmo"]
[WhiteFideId "2601214"]
[BlackFideId "503134"]
[WhiteElo "2139"]
[BlackElo "2118"]
[Result "0-1"]
[Round "5"]
[TimeControl "180+2"]
[Date "2023.06.13"]
[WhiteClock "0:00:55"]
[BlackClock "0:00:11"]
[Board "154"]

1. e4 c5 2. Nf3 Nc6 3. d4 cxd4 4. Nxd4 Nf6 5. Nc3 d6 6. Bg5 Bd7 7. f3 a6 8. Qd2 e6 9. Nb3 Qc7 10. h4 Be7 11. O-O-O b5 12. Bxb5 axb5 13. Nxb5 Qb8 14. Nxd6+ Bxd6 15. Qxd6 Qxd6 16. Rxd6 Rxa2 17. Rhd1 Ra7 18. Kb1 Ke7 19. Rxc6 Bxc6 20. e5 Rd7 21. Nd4 Bb7 22. exf6+ gxf6 23. Be3 Rhd8 24. c3 Kf8 25. Re1 Bd5 26. Kc2 Rb7 27. b4 Ra8 28. Kd3 Ra2 29. Bd2 Rc7 30. Ke3 f5 31. g4 fxg4 32. fxg4 Rca7 33. Kd3 Ra1 34. Re2 Rg1 35. g5 Rc7 36. Rf2 Bc4+ 37. Ke3 Rg3+ 38. Kf4 Rd3 39. Kg4 e5 40. Nf5 Be6 41. Kh5 Bxf5 42. Rxf5 Rxd2 43. Rxe5 Rxc3 44. Re4 Rd6 45. Kg4 Rb3 46. h5 Rb6 0-1


[Site "https://www.chess.com"]

[Event "Titled Tuesday Blitz June 13 Late 2023"]
[White "zano2023"]
[Black "Prieto Aranguren, Alain"]
[BlackFideId "2268906"]
[WhiteElo "2092"]
[BlackElo "2209"]
[Result "1-0"]
[Round "5"]
[TimeControl "180+2"]
[Date "2023.06.13"]
[WhiteClock "0:00:46"]
[BlackClock "0:00:16"]
[Board "155"]

1. d4 d6 2. Nf3 g6 3. Nbd2 Bg7 4. e4 Nc6 5. c3 e5 6. d5 Nce7 7. Bd3 Bd7 8. O-O h6 9. Re1 f5 10. exf5 gxf5 11. Nh4 Nf6 12. c4 e4 13. Be2 c6 14. Bh5+ Kf8 15. dxc6 Bxc6 16. Ng6+ Nxg6 17. Bxg6 Qd7 18. Nb3 Ng4 19. Bf4 Ne5 20. Bxe5 Bxe5 21. Qh5 Rg8 22. Bxf5 Qg7 23. g3 Bxb2 24. Rad1 Bc3 25. Re3 Rd8 26. Bxe4 Bxe4 27. Rxe4 Qg6 28. Qd5 Rg7 29. Nd4 Bxd4 30. Rdxd4 Rf7 31. Rf4 Rd7 32. Rde4 Rxf4 33. Rxf4+ Kg7 34. h3 Re7 35. Rg4 1-0


[Site "https://www.chess.com"]

[Event "Titled Tuesday Blitz June 13 Late 2023"]
[White "Castella Garcia, Fausto"]
[Black "Maluco_do_Natal_00"]
[WhiteFideId "3501922"]
[WhiteElo "2245"]
[BlackElo "2087"]
[Result "1-0"]
[Round "5"]
[TimeControl "180+2"]
[Date "2023.06.13"]
[WhiteClock "0:01:44"]
[BlackClock "0:00:08"]
[Board "156"]

1. e4 c5 2. Nf3 Nc6 3. Bb5 e6 4. O-O Nge7 5. Nc3 a6 6. Bxc6 Nxc6 7. d4 cxd4 8. Nxd4 Be7 9. Nxc6 dxc6 10. e5 O-O 11. Qg4 Qa5 12. Re1 Rd8 13. Bh6 Bf8 14. Bg5 Re8 15. Ne4 Kh8 16. Nf6 Rd8 17. Nxh7 Rd5 18. Nf6 g6 19. Qh4+ 1-0


[Site "https://www.chess.com"]

[Event "Titled Tuesday Blitz June 13 Late 2023"]
[White "Eisa Mohmood, Alkhoori"]
[Black "Hoffmann, Asa"]
[WhiteFideId "9316116"]
[BlackFideId "2001470"]
[WhiteElo "1364"]
[BlackElo "2117"]
[Result "0-1"]
[Round "5"]
[TimeControl "180+2"]
[Date "2023.06.13"]
[WhiteClock "0:00:01"]
[BlackClock "0:00:23"]
[Board "157"]

1. e4 d6 2. d4 Nf6 3. Nc3 c6 4. f4 Qa5 5. Bd3 e5 6. Nf3 exd4 7. Nxd4 Qb6 8. Be2 Be7 9. Qd3 Na6 10. a3 Nc5 11. Qe3 O-O 12. h3 Re8 13. O-O Bf8 14. e5 Nfd7 15. Nf3 dxe5 16. fxe5 Ne6 17. Ne4 h6 18. Qxb6 axb6 19. Be3 Ndc5 20. Nxc5 Bxc5 21. Bxc5 bxc5 22. Bc4 b5 23. Bd3 Nd4 24. Nxd4 cxd4 25. Be4 Bd7 26. b4 Rxe5 27. Bf3 Rae8 28. Rad1 c5 29. bxc5 Rxc5 30. Rxd4 Be6 31. Rf2 Rc3 32. Rb4 Bc4 33. a4 Rb8 34. axb5 Rxb5 35. Rxb5 Bxb5 36. Rd2 g6 37. Kf2 Ba4 38. Be4 f5 39. Bd3 Kg7 40. Re2 Kf6 41. Ke1 Bc6 42. Kd2 Rc5 43. g3 g5 44. c4 Re5 45. Rf2 Ra5 46. Kc3 Ke5 47. Re2+ Be4 48. Bxe4 fxe4 49. Kb4 Ra1 50. c5 Kd4 51. Rd2+ Ke3 52. Rc2 Kf3 53. c6 Ra8 54. g4 e3 55. Kc3 Rd8 56. c7 Rc8 57. Kd3 e2 58. Rxe2 Rxc7 59. Re3+ Kf2 60. Re2+ Kf3 61. Re3+ Kf4 62. Re4+ Kg3 63. Re3+ Kh4 64. Ke2 Rf7 65. Kd2 Rf2+ 66. Kd3 Rh2 67. Re6 Rxh3+ 68. Ke4 Kxg4 69. Rxh6 Rxh6 0-1


[Site "https://www.chess.com"]

[Event "Titled Tuesday Blitz June 13 Late 2023"]
[White "Quinones Garcia, Santiago"]
[Black "Chess_maylovsky"]
[WhiteFideId "4408497"]
[WhiteElo "2173"]
[BlackElo "2047"]
[Result "1-0"]
[Round "5"]
[TimeControl "180+2"]
[Date "2023.06.13"]
[WhiteClock "0:00:15"]
[BlackClock "0:00:07"]
[Board "158"]

1. d4 Nf6 2. c4 g6 3. Nc3 d5 4. cxd5 Nxd5 5. e4 Nxc3 6. bxc3 c5 7. Nf3 Bg7 8. Be3 Qa5 9. Nd2 Nc6 10. d5 Ne5 11. Rc1 O-O 12. f3 e6 13. Nb3 Qxa2 14. Nxc5 exd5 15. exd5 b6 16. Ne4 Bf5 17. Be2 Bxe4 18. fxe4 Nc4 19. Bd4 Rfe8 20. Bxg7 Rxe4 21. Bd4 Rae8 22. Rc2 Nb2 23. O-O Nxd1 24. Rxa2 Rxe2 25. Rxe2 Rxe2 26. Rxd1 Kf8 27. d6 Ke8 28. d7+ Kxd7 29. Bxb6+ Kc6 30. Bxa7 Ra2 31. Bd4 Kd5 32. Rf1 f5 33. Re1 Kc4 34. h3 Kd3 35. Re7 Ra1+ 36. Kh2 h5 37. Re6 g5 38. Re5 f4 39. Rxg5 Ra2 40. Rf5 Ke4 41. Rf8 h4 42. Rf7 Rc2 43. Re7+ Kf5 44. Kg1 Rc1+ 45. Kf2 Rc2+ 46. Kf3 Rc1 47. Re5+ Kg6 48. Kxf4 Rf1+ 49. Kg4 Rd1 50. Kxh4 Rd2 51. g4 Kf7 52. Rf5+ Ke6 53. Rf6+ Ke7 54. Rf2 Kd7 55. Rxd2 Ke6 56. g5 Kf5 57. Rf2+ Kg6 58. Rf6+ Kh7 59. Kh5 Kg7 60. Rf5+ Kg8 61. Rd5 Kf7 62. Rd6 Ke7 63. Rf6 Ke8 64. g6 Ke7 65. g7 Kd7 66. g8=Q Kc7 67. Qg7+ Kc8 68. Rf8# 1-0


[Site "https://www.chess.com"]

[Event "Titled Tuesday Blitz June 13 Late 2023"]
[White "Vargas, Mauricio"]
[Black "Szente Varga, Fruzsina"]
[WhiteFideId "4404572"]
[BlackFideId "712264"]
[WhiteElo "1986"]
[BlackElo "1994"]
[Result "0-1"]
[Round "5"]
[TimeControl "180+2"]
[Date "2023.06.13"]
[WhiteClock "0:00:00"]
[BlackClock "0:00:20"]
[Board "159"]

1. e4 e5 2. Nf3 Nc6 3. d4 exd4 4. Bc4 Nf6 5. e5 d5 6. Bb5 Ne4 7. Nxd4 Bd7 8. Bxc6 bxc6 9. O-O Bc5 10. c3 O-O 11. Be3 Bb6 12. Qc1 c5 13. Ne2 Bb5 14. Re1 Bxe2 15. Rxe2 d4 16. Bd2 Nxd2 17. Nxd2 Qd5 18. cxd4 cxd4 19. Nf3 c5 20. b3 a5 21. Nd2 a4 22. Nc4 Bc7 23. Rb1 axb3 24. axb3 Rfb8 25. Qd1 Rb4 26. f4 Rab8 27. Ne3 Qe6 28. Nc4 Qxc4 29. bxc4 Rxb1 30. Rd2 Rxd1+ 31. Rxd1 g6 32. Kf2 Rb4 33. Rc1 Rb2+ 34. Kf3 Ba5 35. h3 Bc3 36. g4 Kf8 37. Ke4 Rh2 38. Kd5 Bb4 39. Ra1 Rxh3 40. f5 gxf5 41. gxf5 Kg7 42. Ra7 d3 43. e6 d2 44. Ra1 fxe6+ 0-1


[Site "https://www.chess.com"]

[Event "Titled Tuesday Blitz June 13 Late 2023"]
[White "Ward, Ieuan C"]
[Black "Shapiro, Daniel"]
[WhiteFideId "406627"]
[BlackFideId "2001780"]
[WhiteElo "2280"]
[BlackElo "2320"]
[Result "0-1"]
[Round "5"]
[TimeControl "180+2"]
[Date "2023.06.13"]
[WhiteClock "0:00:14"]
[BlackClock "0:00:07"]
[Board "161"]

1. d4 Nf6 2. c4 e6 3. Nf3 d5 4. Nc3 Bb4 5. Bg5 c6 6. e3 Nbd7 7. Qc2 h6 8. Bf4 O-O 9. Bd3 Re8 10. O-O b6 11. h3 Bb7 12. a3 Be7 13. e4 dxc4 14. Bxc4 b5 15. Bd3 a6 16. Rfd1 Qb6 17. Be3 c5 18. e5 Nd5 19. Nxd5 Bxd5 20. Bh7+ Kh8 21. Be4 cxd4 22. Bxd5 Rac8 23. Qe2 dxe3 24. Bxe6 exf2+ 25. Kh1 Qxe6 26. Qxf2 Nxe5 27. Re1 Bf6 28. Nd4 Qd7 29. Nf5 Qc7 30. Rad1 Rcd8 31. Nxh6 Rxd1 32. Rxd1 Bg5 33. Re1 Bxh6 34. Qf5 f6 35. Re4 Qf7 36. Rh4 Re7 37. Qc8+ Re8 38. Qf5 Rf8 39. a4 Qg6 40. Qe6 Rd8 41. Qb3 Qg5 42. Re4 Qd2 43. Kh2 Qd3 44. Qxd3 Rxd3 45. axb5 axb5 46. Rb4 Rd5 47. b3 Nc6 48. Re4 b4 49. Re8+ Kh7 50. Rc8 Nd4 51. Rc7 Nxb3 52. Rb7 Nd4 53. Rxb4 Ne6 54. Rb1 Ng5 55. Rf1 Ne4 56. Rf4 Nd6 57. Rf2 Nf7 58. Re2 Re5 59. Rc2 Kg6 60. Rc7 Ng5 61. Rc8 Re2 62. Ra8 Nf3+ 63. Kg3 Ne5 64. Ra3 Re3+ 65. Rxe3 Bxe3 0-1


[Site "https://www.chess.com"]

[Event "Titled Tuesday Blitz June 13 Late 2023"]
[White "Ziatdinov, Raset"]
[Black "rionelG"]
[WhiteFideId "2015323"]
[WhiteElo "2220"]
[BlackElo "2215"]
[Result "1-0"]
[Round "5"]
[TimeControl "180+2"]
[Date "2023.06.13"]
[WhiteClock "0:02:21"]
[BlackClock "0:00:00"]
[Board "162"]

1. e4 c5 2. Nf3 d6 3. d4 cxd4 4. Nxd4 Nf6 5. Nc3 a6 6. f3 e5 7. Nb3 Be7 8. Be3 Be6 9. Qd2 O-O 10. g4 d5 11. exd5 Nxd5 12. Nxd5 Qxd5 13. O-O-O Rd8 14. Be2 Nc6 15. Kb1 Qxd2 16. Rxd2 Rxd2 17. Bxd2 Rd8 18. Bc3 1-0


[Site "https://www.chess.com"]

[Event "Titled Tuesday Blitz June 13 Late 2023"]
[White "Magallanes, Rey Jomar"]
[Black "Druska, Juraj"]
[WhiteFideId "5205948"]
[BlackFideId "14915650"]
[WhiteElo "2252"]
[BlackElo "2415"]
[Result "0-1"]
[Round "5"]
[TimeControl "180+2"]
[Date "2023.06.13"]
[WhiteClock "0:00:27"]
[BlackClock "0:00:25"]
[Board "163"]

1. e4 a6 2. Nf3 b5 3. d4 Bb7 4. Bd3 c5 5. c3 cxd4 6. cxd4 Nc6 7. Nc3 Nf6 8. e5 b4 9. exf6 bxc3 10. fxg7 cxb2 11. gxh8=Q bxa1=Q 12. Bh6 Qa5+ 13. Nd2 Qxd1+ 14. Kxd1 O-O-O 15. Bxf8 Qa4+ 16. Bc2 Qxa2 17. Qg7 Nb4 18. Qxh7 Rxf8 19. Re1 Qa1+ 20. Bb1 Qxd4 21. Re3 Rh8 22. Qxf7 Rxh2 23. Qe8+ Kc7 24. Qxe7 Rh1+ 25. Re1 Bxg2 26. Rxh1 Bxh1 27. Qg5 Bf3+ 28. Ke1 Bc6 29. Qg3+ Kb7 30. Qb3 a5 31. Bc2 a4 32. Qb1 a3 33. Nb3 Qc3+ 34. Nd2 a2 35. Qc1 a1=Q 36. Qxa1 Qxa1+ 37. Bb1 Be4 38. Nxe4 Qxb1+ 39. Ke2 Qxe4+ 40. Kd2 Nd3 41. Kc3 Qf3 42. Kd4 Nxf2 43. Ke5 Qe4+ 44. Kd6 Qc6+ 45. Ke7 d5 46. Kd8 d4 47. Ke7 d3 48. Kf8 Qc7 49. Kg8 d2 50. Kh8 d1=Q 51. Kg8 Qdd8# 0-1


[Site "https://www.chess.com"]

[Event "Titled Tuesday Blitz June 13 Late 2023"]
[White "Wang, Alexander J"]
[Black "Sadovsky, Artem"]
[WhiteFideId "30955270"]
[BlackFideId "4155840"]
[WhiteElo "2233"]
[BlackElo "2314"]
[Result "0-1"]
[Round "5"]
[TimeControl "180+2"]
[Date "2023.06.13"]
[WhiteClock "0:00:19"]
[BlackClock "0:00:39"]
[Board "164"]

1. e4 g6 2. d4 Bg7 3. Nf3 d6 4. Nc3 e5 5. dxe5 dxe5 6. Qxd8+ Kxd8 7. Bc4 f6 8. Be3 Nd7 9. O-O-O Bh6 10. Bxh6 Nxh6 11. Nd5 Rf8 12. Rd2 c6 13. Ne3 Ke7 14. Rhd1 b5 15. Bd3 Nc5 16. c3 Be6 17. Kb1 a5 18. Bc2 a4 19. h3 Nf7 20. g4 Rfd8 21. h4 Rxd2 22. Rxd2 Nd6 23. Re2 Ndxe4 24. g5 a3 25. gxf6+ Kxf6 26. Nd1 axb2 27. Kxb2 Rxa2+ 28. Kb1 Bb3 29. Ne3 Nxc3+ 0-1


[Site "https://www.chess.com"]

[Event "Titled Tuesday Blitz June 13 Late 2023"]
[White "Benedetti, Julio"]
[Black "Cluke86"]
[WhiteFideId "172545"]
[WhiteElo "2263"]
[BlackElo "2203"]
[Result "0-1"]
[Round "5"]
[TimeControl "180+2"]
[Date "2023.06.13"]
[WhiteClock "0:00:00"]
[BlackClock "0:00:27"]
[Board "165"]

1. e4 d6 2. d4 Nf6 3. Nc3 e5 4. Nf3 Nbd7 5. Bc4 Be7 6. O-O c6 7. a4 Qc7 8. h3 h6 9. a5 g5 10. dxe5 dxe5 11. Be3 g4 12. hxg4 Nxg4 13. Qe2 Nf8 14. Rfd1 Ne6 15. Ne1 Nxe3 16. Qxe3 Bc5 17. Qg3 Nf4 18. Nd3 Nxd3 19. Rxd3 Qe7 20. Rf3 Rf8 21. Rd1 Bd7 22. Qg7 h5 23. Na4 O-O-O 24. Rxf7 Bxf2+ 25. Kxf2 Rxf7+ 26. Qxf7 Rf8 27. Qxf8+ Qxf8+ 28. Kg1 Bg4 29. Rf1 Qb4 30. b3 Qxa5 31. Rf8+ Kd7 32. Rf7+ Ke8 33. c3 b5 34. Rxa7 Qxa7+ 0-1


[Site "https://www.chess.com"]

[Event "Titled Tuesday Blitz June 13 Late 2023"]
[White "Novikova, Margarita"]
[Black "Jimenez Garcia, Emmanuel"]
[WhiteFideId "14109689"]
[BlackFideId "6504779"]
[WhiteElo "2013"]
[BlackElo "2440"]
[Result "0-1"]
[Round "5"]
[TimeControl "180+2"]
[Date "2023.06.13"]
[WhiteClock "0:01:38"]
[BlackClock "0:02:26"]
[Board "166"]

1. e4 c5 2. Nc3 Qa5 3. Nf3 a6 4. g3 b5 5. Bg2 Bb7 6. O-O b4 7. Nd5 e6 8. Nf4 Bxe4 9. Re1 Nf6 10. d3 Bb7 11. a3 Be7 12. Bd2 Qb6 13. axb4 cxb4 14. Be3 Qc7 15. Qd2 O-O 16. Bd4 d6 17. Be3 Rc8 18. Rec1 Nbd7 19. d4 Ne4 20. Qd3 d5 21. Nd2 Nxd2 22. Bxd2 a5 23. Nh5 Nf6 24. Qe2 Nxh5 25. Qxh5 g6 26. Qh6 Bf6 27. h4 Bxd4 28. Bf4 Be5 29. Bg5 Bg7 30. Bf4 Bxh6 0-1


[Site "https://www.chess.com"]

[Event "Titled Tuesday Blitz June 13 Late 2023"]
[White "Fuentes Godoy, Lilia Ivonne"]
[Black "el_sporco"]
[WhiteFideId "5104130"]
[WhiteElo "2024"]
[BlackElo "2357"]
[Result "0-1"]
[Round "5"]
[TimeControl "180+2"]
[Date "2023.06.13"]
[WhiteClock "0:00:11"]
[BlackClock "0:00:58"]
[Board "167"]

1. g3 Nf6 2. Bg2 d5 3. d3 e5 4. Nd2 Be7 5. e4 O-O 6. Ne2 b6 7. O-O Bb7 8. c3 dxe4 9. dxe4 Qd3 10. f3 Rd8 11. Qe1 Ba6 12. c4 Bb4 13. Nc3 Bxc3 14. bxc3 Nc6 15. Nb3 Bxc4 16. Rf2 Bxb3 17. axb3 Qd1 18. Qxd1 Rxd1+ 19. Rf1 Rad8 20. Bg5 Rxf1+ 21. Kxf1 Rd3 22. Rc1 Na5 23. Ke2 Rd6 24. Rb1 c5 25. Bd2 c4 26. b4 Nb3 27. Rb2 Rxd2+ 28. Rxd2 Nxd2 29. Kxd2 b5 30. f4 Nd7 31. Ke2 f6 32. Ke3 Kf8 33. Bh3 Ke7 34. g4 exf4+ 35. Kxf4 Ne5 36. g5 Nd3+ 37. Kf5 Nf2 38. Bf1 Nd1 0-1


[Site "https://www.chess.com"]

[Event "Titled Tuesday Blitz June 13 Late 2023"]
[White "Omariev, Maksim"]
[Black "Powell, Paul"]
[WhiteFideId "4193423"]
[BlackFideId "2005840"]
[WhiteElo "2335"]
[BlackElo "2158"]
[Result "1-0"]
[Round "5"]
[TimeControl "180+2"]
[Date "2023.06.13"]
[WhiteClock "0:00:02"]
[BlackClock "0:00:00"]
[Board "168"]

1. g4 d5 2. Bg2 c6 3. h3 h5 4. g5 e5 5. d4 e4 6. c4 Bd6 7. Nc3 Ne7 8. h4 Be6 9. Qb3 b5 10. cxb5 c5 11. dxc5 Bxc5 12. Qa4 Qb6 13. e3 Nd7 14. Nge2 O-O 15. b4 Bd6 16. Bb2 Ne5 17. Nf4 Nc4 18. Qb3 Be5 19. Na4 Qc7 20. Bxe5 Qxe5 21. Rc1 Rac8 22. Nc5 Bg4 23. Nxd5 Nxd5 24. Rxc4 Nxe3 25. Qxe3 Qa1+ 26. Rc1 Qxa2 27. O-O Rcd8 28. Nxe4 Rfe8 29. Rfe1 Bf5 30. Qf4 Bg6 31. Rc7 Qb3 32. Rxa7 Re6 33. Ra6 Rde8 34. Rxe6 Rxe6 35. Qb8+ Kh7 36. Qb6 Qxb4 37. Qe3 Qxb5 38. f3 Qf5 39. Qf2 1-0


[Site "https://www.chess.com"]

[Event "Titled Tuesday Blitz June 13 Late 2023"]
[White "Kaufman, Raymond"]
[Black "Ricaurte Lopez, Juan Carlos"]
[WhiteFideId "2015056"]
[BlackFideId "3600327"]
[WhiteElo "2264"]
[BlackElo "2200"]
[Result "0-1"]
[Round "5"]
[TimeControl "180+2"]
[Date "2023.06.13"]
[WhiteClock "0:00:00"]
[BlackClock "0:00:26"]
[Board "170"]

1. c4 e5 2. g3 Nf6 3. Bg2 c6 4. d4 e4 5. d5 Bc5 6. Nh3 d6 7. O-O O-O 8. Nc3 Re8 9. Kh1 h6 10. Be3 Bxe3 11. fxe3 Na6 12. Nf2 Nc5 13. b4 Na6 14. a3 Bf5 15. Qd2 Nc7 16. dxc6 bxc6 17. Rad1 d5 18. cxd5 cxd5 19. Na4 Qe7 20. Rc1 Nb5 21. Qb2 Rac8 22. Nc5 Nd6 23. Qd4 Bg6 24. Bh3 Bf5 25. g4 Be6 26. a4 a5 27. b5 Nc4 28. Nxe6 fxe6 29. g5 hxg5 30. Rg1 e5 31. Qc3 Rc7 32. Rxg5 d4 33. exd4 Nd5 34. Qg3 exd4 35. Rg1 Nf6 36. Be6+ Qxe6 37. Rxg7+ Kf8 0-1


[Site "https://www.chess.com"]

[Event "Titled Tuesday Blitz June 13 Late 2023"]
[White "dorpato"]
[Black "Ouellet, Maili-Jade"]
[BlackFideId "2620472"]
[WhiteElo "2059"]
[BlackElo "2077"]
[Result "0-1"]
[Round "5"]
[TimeControl "180+2"]
[Date "2023.06.13"]
[WhiteClock "0:00:09"]
[BlackClock "0:00:12"]
[Board "171"]

1. e4 e5 2. d4 exd4 3. Nf3 Nc6 4. c3 dxc3 5. Nxc3 Bb4 6. Bc4 Nge7 7. Qb3 O-O 8. Ng5 Bxc3+ 9. Qxc3 Ng6 10. O-O d6 11. f4 h6 12. Nxf7 Rxf7 13. Bxf7+ Kxf7 14. e5 dxe5 15. fxe5+ Kg8 16. Bf4 Be6 17. Rad1 Qe7 18. Qc2 Nxf4 19. Rxf4 Qg5 20. Qf2 Nxe5 21. Rf1 Bd5 22. Rf8+ Rxf8 23. Qxf8+ Kh7 24. Qf5+ Ng6 25. Qxg5 hxg5 26. Rf5 Bxa2 27. Rxg5 b6 28. Rf5 a5 29. Rf3 Ne5 30. Rc3 c5 31. Re3 Nc4 32. Re2 Bb3 33. Kf2 Kg6 34. Kf3 Kf6 35. g4 a4 36. h4 b5 37. g5+ Kf7 38. Kf4 b4 39. h5 a3 40. g6+ Kf6 41. bxa3 bxa3 42. h6 gxh6 43. Rg2 Kg7 44. Kf5 Ne3+ 0-1


[Site "https://www.chess.com"]

[Event "Titled Tuesday Blitz June 13 Late 2023"]
[White "rikchessmx"]
[Black "Dominguez Rincon, Miller Duvan"]
[BlackFideId "4406583"]
[WhiteElo "2284"]
[BlackElo "1986"]
[Result "1-0"]
[Round "5"]
[TimeControl "180+2"]
[Date "2023.06.13"]
[WhiteClock "0:01:34"]
[BlackClock "0:00:00"]
[Board "172"]

1. e4 e5 2. Nf3 Nc6 3. Bb5 a6 4. Ba4 Nf6 5. O-O Be7 6. Re1 b5 7. Bb3 O-O 8. d3 d6 9. h3 Na5 10. c3 c5 11. Bc2 Qc7 12. Nbd2 Re8 13. Nf1 h6 14. Ng3 Bf8 15. a4 Bd7 16. Be3 d5 17. exd5 Nxd5 18. Bd2 Rad8 19. Qe2 Nf4 20. Qf1 Bc6 21. Bxf4 exf4 22. Ne4 f5 23. Ned2 g5 24. axb5 axb5 25. d4 c4 26. Ne5 Bb7 27. Bxf5 Bg7 28. Ndf3 Nc6 29. Bg6 Re6 30. Bf7+ Kh8 31. Bxe6 Nxe5 32. dxe5 Bxf3 33. gxf3 1-0


[Site "https://www.chess.com"]

[Event "Titled Tuesday Blitz June 13 Late 2023"]
[White "Burke, Paul"]
[Black "Celestino, Rafael Teixeira"]
[WhiteFideId "2605767"]
[BlackFideId "2108925"]
[WhiteElo "1948"]
[BlackElo "2261"]
[Result "0-1"]
[Round "5"]
[TimeControl "180+2"]
[Date "2023.06.13"]
[WhiteClock "0:00:32"]
[BlackClock "0:00:38"]
[Board "173"]

1. e4 e5 2. Nf3 Nc6 3. Bc4 Bc5 4. b4 Bxb4 5. c3 Ba5 6. d4 d6 7. d5 Nce7 8. Qa4+ c6 9. dxc6 bxc6 10. Qb3 d5 11. exd5 cxd5 12. Bb5+ Bd7 13. Nxe5 Nf6 14. Qa4 Bc7 15. Nxd7 Nxd7 16. O-O a6 17. Bc6 Nxc6 18. Qxc6 O-O 19. Qxd5 Re8 20. g3 Bb6 21. Bf4 Qc8 22. Rd1 Nf6 23. Qg5 h6 24. Qh4 Qf5 25. Be3 Rxe3 26. fxe3 Bxe3+ 27. Kg2 Qf2+ 28. Kh3 g5 0-1


[Site "https://www.chess.com"]

[Event "Titled Tuesday Blitz June 13 Late 2023"]
[White "Nakamura, Hikaru"]
[Black "Korobov, Anton"]
[WhiteFideId "2016192"]
[BlackFideId "14105730"]
[WhiteElo "2874"]
[BlackElo "2638"]
[Result "0-1"]
[Round "6"]
[TimeControl "180+2"]
[Date "2023.06.13"]
[WhiteClock "0:00:04"]
[BlackClock "0:00:22"]
[Board "1"]

1. e4 c5 2. d4 cxd4 3. c3 dxc3 4. Nxc3 Nc6 5. Nf3 d6 6. Bc4 e6 7. O-O Nf6 8. Qe2 Be7 9. Rd1 e5 10. Bg5 O-O 11. h3 Be6 12. Bxf6 Bxf6 13. Bd5 Nd4 14. Qd3 Qb6 15. Rab1 Rac8 16. Nd2 Qa6 17. Qxa6 bxa6 18. Kf1 Rc7 19. Bb3 Rfc8 20. Nd5 Rc5 21. Ba4 Bxd5 22. exd5 Be7 23. Ne4 Rc4 24. b3 Rc2 25. Nd2 R8c3 26. Ne4 Rc7 27. g4 g6 28. f4 f5 29. fxe5 fxe4 30. Rxd4 dxe5 31. Rxe4 Bd6 32. b4 Rxa2 33. Bd1 Rf7+ 34. Ke1 Rh2 35. Rc1 Rf4 36. Rc8+ Kf7 37. Rxf4+ exf4 38. Bf3 Bxb4+ 39. Kf1 a5 40. Rc7+ Kf6 41. Rxa7 Rxh3 42. Ke2 Ke5 43. Ra6 Kd4 44. d6 Rh2+ 45. Kf1 Ke3 46. Kg1 Rd2 47. Bb7 f3 48. d7 Rd1+ 0-1


[Site "https://www.chess.com"]

[Event "Titled Tuesday Blitz June 13 Late 2023"]
[White "Vazquez, Guillermo"]
[Black "Nihal Sarin"]
[WhiteFideId "3702308"]
[BlackFideId "25092340"]
[WhiteElo "2543"]
[BlackElo "2689"]
[Result "0-1"]
[Round "6"]
[TimeControl "180+2"]
[Date "2023.06.13"]
[WhiteClock "0:00:00"]
[BlackClock "0:00:05"]
[Board "2"]

1. b3 d5 2. Bb2 Bf5 3. d3 e6 4. Nd2 Nf6 5. g3 h6 6. Bg2 Bh7 7. Nh3 a5 8. a3 Nbd7 9. e4 c6 10. O-O Bc5 11. e5 Ng8 12. Qg4 g5 13. Qe2 Ne7 14. Kh1 Rg8 15. d4 Bb6 16. c4 Nf5 17. c5 Bc7 18. b4 b5 19. a4 Rb8 20. bxa5 bxa4 21. Nb1 Bxa5 22. Rxa4 Rb4 23. Rxb4 Bxb4 24. Nd2 Qb8 25. Ra1 Bxc5 26. Nf3 Be7 27. g4 Ng7 28. Bc3 Kf8 29. Nd2 Ne8 30. f4 Bb4 31. Qe3 gxf4 32. Nxf4 Rxg4 33. Rf1 Bxc3 34. Qxc3 Ng7 35. Qf3 Bf5 36. h3 Rg5 37. Qe3 Qb4 38. Nf3 Rg3 39. Kh2 Rxf3 40. Rxf3 c5 41. Nd3 Qxd4 42. Qxd4 cxd4 43. Nf4 Nxe5 44. Ra3 Be4 45. Bf1 Nf5 46. Be2 Ne3 47. Kg3 Kg7 48. Kf2 N3c4 49. Ra7 d3 50. Nxe6+ Kf6 51. Nd4 dxe2 52. Kxe2 Nd6 53. Ra6 Bd3+ 0-1


[Site "https://www.chess.com"]

[Event "Titled Tuesday Blitz June 13 Late 2023"]
[White "Duda, Jan-Krzysztof"]
[Black "Eljanov, Pavel"]
[WhiteFideId "1170546"]
[BlackFideId "14102951"]
[WhiteElo "2783"]
[BlackElo "2598"]
[Result "0-1"]
[Round "6"]
[TimeControl "180+2"]
[Date "2023.06.13"]
[WhiteClock "0:00:04"]
[BlackClock "0:00:06"]
[Board "3"]

1. d4 d5 2. Bg5 h6 3. Bh4 Nf6 4. e3 c5 5. c3 Qb6 6. Qc1 Nc6 7. Nd2 Bf5 8. Ngf3 e6 9. Bxf6 gxf6 10. Be2 Rc8 11. O-O Rg8 12. g3 e5 13. Re1 Be7 14. Nh4 Be6 15. dxc5 Qxc5 16. Qb1 e4 17. Nb3 Qd6 18. Nd4 Nxd4 19. cxd4 f5 20. Ng2 Qb6 21. Nf4 Bd6 22. Nh5 Ke7 23. Rd1 Rc7 24. a3 a5 25. Rd2 Rgc8 26. Qd1 Bd7 27. Rb1 a4 28. Kg2 Qb3 29. Qe1 Qb6 30. Qd1 Qb3 31. Qe1 Qb6 32. b3 axb3 33. Bd1 Bxa3 34. Rxb3 Bb4 35. Rdb2 Bxe1 36. Rxb6 Bc6 37. Nf4 Ba5 38. R6b5 Bc3 39. Rb1 Kd6 40. Rb6 Ba5 41. R6b2 b6 42. Be2 Bb7 43. Bb5 Rc2 44. Rxc2 Rxc2 45. Be8 f6 46. Bg6 Bc8 47. Bf7 Bb7 48. Be6 Bc6 49. Bxf5 b5 50. g4 b4 51. Be6 Rc3 52. h4 b3 53. Bf7 Bb4 54. Ne2 Rd3 55. Nc1 Rd1 56. Rxb3 Be1 57. Ne2 Rd2 58. Kf1 Ba4 59. Rb6+ Kc7 60. Ra6 Bb5 61. Ra7+ Kb6 62. Re7 Rxe2 63. Re6+ Ka5 64. Kg1 Bxf2+ 65. Kh1 Bxe3 66. Rxf6 Rf2 67. Rxf2 Bxf2 68. Bxd5 e3 69. Bf3 e2 70. Bxe2 Bxe2 71. g5 h5 72. Kg2 Bxh4 73. g6 Bf6 0-1


[Site "https://www.chess.com"]